3253 views
Uploaded 2020-04-14 14:08:14
Game version 1.32.3
22:35 long 3on3 ladder game on (6)ThunderLake_LV
Saved by BEARAND
3253 views
Uploaded 2020-04-14 14:08:14
Game version 1.32.3
22:35 long 3on3 ladder game on (6)ThunderLake_LV


59 units @ 5.9k
/ 0.3k
157 buildings @ 12.9k
/ 7.2k



| Healing Salve | 1 | 100 |
| Lesser Clarity Potion | 2 | 140 |
| Boots of Speed | 3 | 750 |
| Staff of Teleportation | 3 | 450 |
| Circlet of Nobility | 1 | 175 |
| Staff of Sanctuary | 2 | 500 |
| Orb of Corruption | 4 | 1500 |
| Amulet of Spell Shield | 1 | 600 |
| total: | 17 | 4215g |
| Peon | 15 | 1125 | / | 0 |
| Troll Batrider | 3 | 480 | / | 120 |
| Goblin Shredder | 1 | 375 | / | 100 |
| total: | 19 | 1980g | / | 220w |
| Watch Tower | 39 | 4290 | / | 3120 |
| Altar of Storms | 1 | 180 | / | 50 |
| Orc Burrow | 4 | 640 | / | 160 |
| Voodoo Lounge | 2 | 260 | / | 60 |
| War Mill | 1 | 205 | / | 0 |
| Great Hall | 1 | 385 | / | 185 |
| Beastiary | 3 | 435 | / | 420 |
| Stronghold | 1 | 315 | / | 190 |
| Fortress | 1 | 325 | / | 190 |
| total: | 51 | 6395g | / | 3995w |
| 0:04 | Peon |
| 0:04 | Peon |
| 0:06 | Altar of Storms |
| 0:10 | Orc Burrow |
| 0:14 | Peon |
| 0:27 | Peon |
| 0:57 | Peon |
| 0:57 | Peon |
| 1:04 | Voodoo Lounge |
| 1:15 | Peon |
| 1:15 | Peon |
| 1:40 | War Mill |
| 1:58 | Peon |
| 2:06 | Wind Walk |
| 2:09 | Healing Salve |
| 2:09 | Lesser Clarity Potion |
| 2:09 | Lesser Clarity Potion |
| 2:12 | Peon |
| 2:12 | Peon |
| 2:15 | Orc Burrow |
| 2:23 | Peon |
| 2:52 | Watch Tower |
| 2:54 | Watch Tower |
| 3:09 | Peon |
| 3:09 | Peon |
| 3:09 | Peon |
| 3:18 | Spiked Barricades |
| 3:20 | Watch Tower |
| 4:05 | Stronghold |
| 4:12 | Watch Tower |
| 4:58 | Orc Burrow |
| 5:09 | Boots of Speed |
| 5:09 | Staff of Teleportation |
| 5:21 | Circlet of Nobility |
| 6:33 | Critical Strike |
| 6:50 | Fortress |
| 6:52 | Beastiary |
| 6:55 | Beastiary |
| 6:58 | Beastiary |
| 7:01 | Reinforced Defenses |
| 7:04 | Watch Tower |
| 7:08 | Watch Tower |
| 7:37 | Hex |
| 7:47 | Watch Tower |
| 7:48 | Watch Tower |
| 7:59 | Orc Burrow |
| 8:17 | Goblin Shredder |
| 10:11 | Voodoo Lounge |
| 10:17 | Watch Tower |
| 10:18 | Watch Tower |
| 10:18 | Watch Tower |
| 10:19 | Watch Tower |
| 10:40 | Wind Walk |
| 11:09 | Boots of Speed |
| 11:20 | Healing Wave |
| 11:33 | Watch Tower |
| 11:35 | Watch Tower |
| 11:38 | Great Hall |
| 11:41 | Watch Tower |
| 11:42 | Watch Tower |
| 11:42 | Watch Tower |
| 11:43 | Watch Tower |
| 12:05 | Endurance Aura |
| 12:22 | Watch Tower |
| 12:23 | Watch Tower |
| 12:51 | Watch Tower |
| 12:57 | Staff of Sanctuary |
| 13:10 | Boots of Speed |
| 13:10 | Staff of Teleportation |
| 13:19 | Orb of Corruption |
| 13:19 | Orb of Corruption |
| 13:20 | Orb of Corruption |
| 13:56 | Amulet of Spell Shield |
| 14:09 | Watch Tower |
| 14:09 | Watch Tower |
| 14:11 | Watch Tower |
| 14:11 | Watch Tower |
| 14:39 | War Stomp |
| 14:51 | Healing Wave |
| 15:10 | Watch Tower |
| 15:11 | Watch Tower |
| 15:11 | Watch Tower |
| 15:12 | Watch Tower |
| 15:13 | Watch Tower |
| 15:13 | Watch Tower |
| 15:22 | Troll Batrider |
| 15:57 | Orb of Corruption |
| 16:30 | Watch Tower |
| 16:32 | Watch Tower |
| 16:35 | Staff of Sanctuary |
| 17:22 | Watch Tower |
| 17:26 | Watch Tower |
| 17:27 | Watch Tower |
| 17:30 | Troll Batrider |
| 17:31 | Troll Batrider |
| 17:31 | Liquid Fire |
| 17:37 | Steel Ranged Weapons |
| 17:37 | Improved Spiked Barricades |
| 17:38 | Steel Armor |
| 18:35 | Watch Tower |
| 18:36 | Watch Tower |
| 18:38 | Watch Tower |
| 20:13 | Staff of Teleportation |
| 21:03 | Critical Strike |
| 21:23 | War Stomp |
| Right click | 1253 |
| Select group | 979 |
| Select | 199 |
| Chat | 186 |
| Build/train/purchase | 76 |
| Use ability | 47 |
| Misc. action | 25 |
| Assign group | 12 |
| Item give/drop | 12 |
| Minimap ping | 11 |
| Resource trade | 11 |
| Esc | 3 |



| Scroll of Regeneration | 2 | 200 |
| Potion of Healing | 2 | 300 |
| Staff of Sanctuary | 3 | 750 |
| Staff of Teleportation | 3 | 450 |
| Boots of Speed | 3 | 750 |
| Healing Salve | 1 | 100 |
| Orb of Corruption | 2 | 750 |
| Sentry Wards | 1 | 150 |
| Amulet of Spell Shield | 1 | 600 |
| Potion of Greater Healing | 1 | 400 |
| Khadgar's Gem of Health | 1 | 600 |
| total: | 20 | 5050g |
| Peasant | 14 | 1050 | / | 0 |
| Priest | 2 | 270 | / | 20 |
| Sorceress | 1 | 155 | / | 20 |
| Goblin Zeppelin | 1 | 240 | / | 60 |
| total: | 18 | 1715g | / | 100w |
| Scout Tower | 76 | 2280 | / | 1520 |
| Arcane Tower | 7 | 490 | / | 350 |
| Guard Tower | 44 | 3080 | / | 2200 |
| Altar of Kings | 2 | 360 | / | 100 |
| Farm | 6 | 480 | / | 120 |
| Lumber Mill | 1 | 120 | / | 0 |
| Arcane Vault | 3 | 390 | / | 90 |
| Town Hall | 1 | 385 | / | 205 |
| Blacksmith | 1 | 140 | / | 60 |
| Barracks | 1 | 160 | / | 60 |
| Arcane Sanctum | 1 | 150 | / | 140 |
| Gryphon Aviary | 2 | 280 | / | 300 |
| Keep | 1 | 320 | / | 210 |
| Castle | 1 | 360 | / | 210 |
| total: | 94 | 4745g | / | 2595w |
| 0:02 | Peasant |
| 0:02 | Peasant |
| 0:08 | Altar of Kings |
| 0:08 | Altar of Kings |
| 0:12 | Peasant |
| 0:18 | Farm |
| 0:21 | Peasant |
| 0:31 | Peasant |
| 0:41 | Peasant |
| 0:48 | Lumber Mill |
| 0:52 | Scout Tower |
| 1:07 | Peasant |
| 1:14 | Peasant |
| 1:20 | Farm |
| 1:21 | Peasant |
| 1:31 | Scout Tower |
| 1:33 | Peasant |
| 1:37 | Arcane Tower |
| 1:50 | Scout Tower |
| 1:59 | Peasant |
| 2:07 | Blizzard |
| 2:10 | Guard Tower |
| 2:12 | Scout Tower |
| 2:12 | Peasant |
| 2:12 | Peasant |
| 2:13 | Peasant |
| 2:37 | Scout Tower |
| 2:38 | Arcane Tower |
| 2:39 | Scout Tower |
| 2:39 | Scout Tower |
| 2:50 | Guard Tower |
| 3:11 | Guard Tower |
| 3:11 | Scout Tower |
| 3:12 | Scout Tower |
| 3:12 | Scout Tower |
| 3:40 | Guard Tower |
| 3:42 | Keep |
| 3:43 | Scout Tower |
| 3:44 | Scout Tower |
| 3:53 | Guard Tower |
| 4:00 | Farm |
| 4:01 | Farm |
| 4:10 | Guard Tower |
| 4:26 | Staff of Teleportation |
| 4:27 | Boots of Speed |
| 4:34 | Guard Tower |
| 4:36 | Scout Tower |
| 4:54 | Arcane Vault |
| 5:01 | Brilliance Aura |
| 5:13 | Healing Salve |
| 5:18 | Guard Tower |
| 6:02 | Town Hall |
| 6:07 | Scout Tower |
| 6:07 | Scout Tower |
| 6:08 | Scout Tower |
| 6:15 | Guard Tower |
| 6:21 | Scout Tower |
| 6:22 | Scout Tower |
| 6:23 | Scout Tower |
| 7:04 | Arcane Sanctum |
| 7:06 | Guard Tower |
| 7:06 | Arcane Tower |
| 7:07 | Guard Tower |
| 7:31 | Scout Tower |
| 7:31 | Scout Tower |
| 7:32 | Scout Tower |
| 7:32 | Scout Tower |
| 7:35 | Blizzard |
| 7:44 | Guard Tower |
| 7:44 | Guard Tower |
| 7:55 | Storm Bolt |
| 8:21 | Goblin Zeppelin |
| 8:53 | Guard Tower |
| 8:55 | Scout Tower |
| 8:56 | Scout Tower |
| 9:11 | Castle |
| 9:14 | Magic Sentry |
| 9:14 | Priest |
| 9:16 | Scout Tower |
| 9:17 | Scout Tower |
| 9:18 | Scout Tower |
| 9:19 | Scout Tower |
| 9:19 | Scout Tower |
| 9:29 | Guard Tower |
| 9:30 | Scout Tower |
| 9:30 | Scout Tower |
| 9:31 | Scout Tower |
| 9:31 | Scout Tower |
| 9:58 | Bash |
| 10:19 | Sorceress Adept Training |
| 10:20 | Guard Tower |
| 10:22 | Priest Adept Training |
| 10:25 | Scout Tower |
| 10:26 | Arcane Vault |
| 10:33 | Scroll of Regeneration |
| 10:35 | Potion of Healing |
| 10:47 | Guard Tower |
| 10:49 | Guard Tower |
| 10:49 | Arcane Tower |
| 10:49 | Guard Tower |
| 10:52 | Scout Tower |
| 10:52 | Scout Tower |
| 10:53 | Scout Tower |
| 10:53 | Scout Tower |
| 10:54 | Scout Tower |
| 10:56 | Scout Tower |
| 10:56 | Scout Tower |
| 11:02 | Staff of Teleportation |
| 11:02 | Boots of Speed |
| 11:42 | Guard Tower |
| 11:42 | Guard Tower |
| 11:43 | Scout Tower |
| 11:44 | Scout Tower |
| 11:44 | Scout Tower |
| 12:02 | Sentry Wards |
| 12:19 | Scout Tower |
| 12:19 | Scout Tower |
| 12:20 | Scout Tower |
| 12:20 | Scout Tower |
| 12:21 | Scout Tower |
| 12:21 | Scout Tower |
| 12:21 | Scout Tower |
| 12:22 | Scout Tower |
| 12:23 | Scout Tower |
| 12:23 | Scout Tower |
| 12:24 | Scout Tower |
| 12:25 | Scout Tower |
| 12:26 | Scout Tower |
| 12:26 | Scout Tower |
| 12:27 | Scout Tower |
| 12:27 | Scout Tower |
| 12:39 | Guard Tower |
| 12:44 | Staff of Sanctuary |
| 12:46 | Scroll of Regeneration |
| 12:50 | Arcane Vault |
| 12:57 | Potion of Healing |
| 13:11 | Guard Tower |
| 13:13 | Scout Tower |
| 13:13 | Scout Tower |
| 13:14 | Scout Tower |
| 13:14 | Scout Tower |
| 13:15 | Scout Tower |
| 13:57 | Amulet of Spell Shield |
| 14:08 | Guard Tower |
| 14:24 | Guard Tower |
| 14:25 | Guard Tower |
| 14:27 | Improved Masonry |
| 14:32 | Guard Tower |
| 14:34 | Guard Tower |
| 14:37 | Arcane Tower |
| 14:37 | Guard Tower |
| 14:37 | Guard Tower |
| 14:47 | Arcane Tower |
| 14:48 | Arcane Tower |
| 14:52 | Staff of Sanctuary |
| 15:01 | Staff of Sanctuary |
| 15:06 | Holy Light |
| 15:36 | Potion of Greater Healing |
| 15:37 | Khadgar's Gem of Health |
| 15:53 | Storm Bolt |
| 15:56 | Brilliance Aura |
| 16:20 | Boots of Speed |
| 16:20 | Staff of Teleportation |
| 17:44 | Guard Tower |
| 17:44 | Guard Tower |
| 17:49 | Guard Tower |
| 17:49 | Guard Tower |
| 18:00 | Orb of Corruption |
| 18:19 | Scout Tower |
| 18:20 | Scout Tower |
| 18:20 | Scout Tower |
| 18:21 | Scout Tower |
| 18:27 | Orb of Corruption |
| 18:43 | Advanced Masonry |
| 18:45 | Sorceress |
| 18:45 | Sorceress Master Training |
| 18:48 | Gryphon Aviary |
| 18:49 | Gryphon Aviary |
| 18:50 | Blacksmith |
| 18:55 | Barracks |
| 19:03 | Scout Tower |
| 19:04 | Scout Tower |
| 19:05 | Scout Tower |
| 19:05 | Scout Tower |
| 19:06 | Scout Tower |
| 19:06 | Scout Tower |
| 19:58 | Guard Tower |
| 20:44 | Divine Shield |
| 21:07 | Animal War Training |
| 21:07 | Iron Forged Swords |
| 21:07 | Studded Leather Armor |
| 21:20 | Farm |
| 21:22 | Farm |
| 21:23 | Guard Tower |
| 22:30 | Priest |
| Right click | 1602 |
| Select | 576 |
| Select group | 300 |
| Chat | 214 |
| Build/train/purchase | 148 |
| Use ability | 88 |
| Misc. action | 23 |
| Resource trade | 11 |
| Assign group | 10 |
| Minimap ping | 10 |
| Item give/drop | 9 |



| Rod of Necromancy | 2 | 300 |
| Orb of Corruption | 1 | 375 |
| Staff of Teleportation | 3 | 450 |
| Potion of Invisibility | 1 | 100 |
| Staff of Sanctuary | 3 | 750 |
| Scroll of Regeneration | 1 | 100 |
| Amulet of Spell Shield | 1 | 600 |
| total: | 12 | 2675g |
| Acolyte | 10 | 750 | / | 0 |
| Ghoul | 12 | 1440 | / | 0 |
| total: | 22 | 2190g | / | 0w |
| Nerubian Tower | 3 | 300 | / | 60 |
| Spirit Tower | 1 | 145 | / | 40 |
| Crypt | 1 | 200 | / | 50 |
| Altar of Darkness | 1 | 180 | / | 50 |
| Ziggurat | 5 | 750 | / | 250 |
| Tomb of Relics | 3 | 390 | / | 90 |
| Graveyard | 1 | 215 | / | 0 |
| Sacrificial Pit | 1 | 75 | / | 150 |
| Halls of the Dead | 1 | 320 | / | 210 |
| Black Citadel | 1 | 325 | / | 230 |
| total: | 12 | 1810g | / | 590w |
| 0:01 | Acolyte |
| 0:07 | Crypt |
| 0:11 | Altar of Darkness |
| 0:12 | Acolyte |
| 0:32 | Ziggurat |
| 1:09 | Tomb of Relics |
| 1:10 | Ghoul |
| 1:11 | Ghoul |
| 1:11 | Ghoul |
| 1:35 | Ghoul |
| 1:52 | Ziggurat |
| 1:55 | Ghoul |
| 2:16 | Ghoul |
| 2:27 | Rod of Necromancy |
| 2:27 | Rod of Necromancy |
| 2:28 | Death Coil |
| 2:44 | Acolyte |
| 3:13 | Ghoul |
| 3:50 | Ghoul |
| 3:54 | Unholy Aura |
| 4:03 | Ghoul |
| 4:10 | Acolyte |
| 4:11 | Acolyte |
| 4:27 | Ziggurat |
| 5:31 | Acolyte |
| 5:31 | Acolyte |
| 5:49 | Ziggurat |
| 6:06 | Halls of the Dead |
| 6:07 | Ghoul |
| 6:57 | Ghoul |
| 6:59 | Ghoul |
| 7:00 | Nerubian Tower |
| 7:04 | Death Coil |
| 7:13 | Graveyard |
| 7:22 | Ziggurat |
| 7:32 | Nerubian Tower |
| 7:55 | Staff of Teleportation |
| 7:59 | Potion of Invisibility |
| 8:40 | Spirit Tower |
| 9:09 | Black Citadel |
| 9:37 | Tomb of Relics |
| 9:38 | Tomb of Relics |
| 10:52 | Sacrificial Pit |
| 11:00 | Frost Nova |
| 11:44 | Acolyte |
| 12:10 | Rain of Fire |
| 12:26 | Staff of Teleportation |
| 12:30 | Unholy Aura |
| 12:53 | Frost Armor |
| 13:18 | Orb of Corruption |
| 13:42 | Acolyte |
| 14:36 | Cleaving Attack |
| 15:41 | Amulet of Spell Shield |
| 17:21 | Frost Nova |
| 17:59 | Rain of Fire |
| 18:11 | Acolyte |
| 18:34 | Staff of Teleportation |
| 18:47 | Staff of Sanctuary |
| 18:49 | Staff of Sanctuary |
| 19:01 | Ghoul Frenzy |
| 19:04 | Staff of Sanctuary |
| 19:20 | Scroll of Regeneration |
| 21:23 | Death Coil |
| Right click | 1174 |
| Select | 632 |
| Select group | 319 |
| Assign group | 214 |
| Chat | 135 |
| Build/train/purchase | 68 |
| Use ability | 65 |
| Resource trade | 58 |
| Misc. action | 12 |
| Minimap ping | 11 |
| Item give/drop | 6 |
143 units @ 21.7k
/ 2.5k
51 buildings @ 7.5k
/ 3.2k

| Rod of Necromancy | 1 | 150 |
| total: | 1 | 150g |
| Acolyte | 8 | 600 | / | 0 |
| Ghoul | 3 | 360 | / | 0 |
| Crypt Fiend | 8 | 1720 | / | 320 |
| Frost Wyrm | 5 | 1925 | / | 600 |
| Razormane Medicine Man | 1 | 350 | / | 60 |
| total: | 25 | 4955g | / | 980w |
| Nerubian Tower | 1 | 100 | / | 20 |
| Spirit Tower | 3 | 435 | / | 120 |
| Altar of Darkness | 1 | 180 | / | 50 |
| Ziggurat | 7 | 1050 | / | 350 |
| Crypt | 1 | 200 | / | 50 |
| Graveyard | 1 | 215 | / | 0 |
| Tomb of Relics | 1 | 130 | / | 30 |
| Sacrificial Pit | 1 | 75 | / | 150 |
| Boneyard | 2 | 350 | / | 400 |
| Halls of the Dead | 1 | 320 | / | 210 |
| Black Citadel | 1 | 325 | / | 230 |
| total: | 14 | 2200g | / | 1030w |
| 0:04 | Acolyte |
| 0:04 | Acolyte |
| 0:13 | Altar of Darkness |
| 0:16 | Ziggurat |
| 0:41 | Crypt |
| 0:53 | Ziggurat |
| 1:36 | Graveyard |
| 1:44 | Ziggurat |
| 1:49 | Ghoul |
| 2:18 | Vampiric Aura |
| 2:21 | Ghoul |
| 2:22 | Ghoul |
| 2:30 | Tomb of Relics |
| 2:39 | Ziggurat |
| 3:03 | Crypt Fiend |
| 3:12 | Nerubian Tower |
| 4:14 | Acolyte |
| 4:37 | Acolyte |
| 4:42 | Acolyte |
| 5:01 | Spirit Tower |
| 5:23 | Crypt Fiend |
| 5:41 | Crypt Fiend |
| 6:09 | Creature Attack |
| 6:18 | Crypt Fiend |
| 6:44 | Sleep |
| 7:01 | Halls of the Dead |
| 7:15 | Crypt Fiend |
| 7:20 | Rod of Necromancy |
| 7:34 | Ziggurat |
| 8:46 | Spirit Tower |
| 8:49 | Crypt Fiend |
| 9:07 | Spirit Tower |
| 9:31 | Web |
| 9:38 | Black Citadel |
| 9:42 | Sacrificial Pit |
| 9:48 | Ziggurat |
| 10:04 | Crypt Fiend |
| 10:58 | Sleep |
| 11:00 | Razormane Medicine Man |
| 11:31 | Crypt Fiend |
| 11:33 | Improved Creature Attack |
| 12:11 | Boneyard |
| 12:16 | Boneyard |
| 12:22 | Ziggurat |
| 13:29 | Freezing Breath |
| 13:30 | Frost Wyrm |
| 13:40 | Frost Wyrm |
| 14:13 | Creature Carapace |
| 15:18 | Frost Wyrm |
| 15:56 | Advanced Creature Attack |
| 16:38 | Acolyte |
| 16:38 | Acolyte |
| 16:38 | Acolyte |
| 17:39 | Frost Wyrm |
| 18:20 | Improved Creature Carapace |
| 19:36 | Advanced Creature Carapace |
| 19:39 | Frost Wyrm |
| 20:06 | Vampiric Aura |
| Right click | 415 |
| Select | 167 |
| Build/train/purchase | 47 |
| Use ability | 13 |
| Chat | 9 |
| Minimap ping | 6 |
| Item give/drop | 1 |


| Peasant | 30 | 2250 | / | 0 |
| Footman | 17 | 2295 | / | 0 |
| Rifleman | 22 | 4510 | / | 660 |
| Priest | 10 | 1350 | / | 100 |
| Sorceress | 1 | 155 | / | 20 |
| total: | 80 | 10560g | / | 780w |
| Scout Tower | 1 | 30 | / | 20 |
| Altar of Kings | 1 | 180 | / | 50 |
| Barracks | 2 | 320 | / | 120 |
| Farm | 11 | 880 | / | 220 |
| Blacksmith | 1 | 140 | / | 60 |
| Lumber Mill | 1 | 120 | / | 0 |
| Town Hall | 1 | 385 | / | 205 |
| Gryphon Aviary | 1 | 140 | / | 150 |
| Arcane Sanctum | 1 | 150 | / | 140 |
| Keep | 1 | 320 | / | 210 |
| Castle | 1 | 360 | / | 210 |
| total: | 20 | 2345g | / | 965w |
| 0:05 | Peasant |
| 0:05 | Peasant |
| 0:06 | Peasant |
| 0:37 | Altar of Kings |
| 0:43 | Peasant |
| 0:46 | Peasant |
| 0:55 | Barracks |
| 1:24 | Farm |
| 1:52 | Farm |
| 2:04 | Peasant |
| 2:05 | Peasant |
| 2:13 | Blacksmith |
| 2:35 | Farm |
| 2:39 | Footman |
| 2:39 | Footman |
| 2:40 | Footman |
| 2:40 | Footman |
| 3:20 | Keep |
| 3:25 | Farm |
| 3:33 | Iron Forged Swords |
| 3:50 | Lumber Mill |
| 3:59 | Footman |
| 3:59 | Footman |
| 4:38 | Rifleman |
| 4:43 | Black Gunpowder |
| 4:53 | Farm |
| 5:17 | Rifleman |
| 5:34 | Flame Strike |
| 5:41 | Rifleman |
| 6:03 | Gryphon Aviary |
| 6:10 | Rifleman |
| 6:19 | Studded Leather Armor |
| 6:24 | Peasant |
| 6:26 | Peasant |
| 6:33 | Farm |
| 7:03 | Arcane Sanctum |
| 7:25 | Farm |
| 7:32 | Rifleman |
| 7:39 | Refined Gunpowder |
| 8:20 | Banish |
| 8:44 | Priest |
| 8:44 | Priest |
| 9:33 | Footman |
| 9:34 | Footman |
| 9:34 | Footman |
| 9:34 | Footman |
| 9:34 | Footman |
| 9:50 | Farm |
| 9:54 | Improved Lumber Harvesting |
| 10:05 | Holy Light |
| 10:33 | Town Hall |
| 10:57 | Priest |
| 11:00 | Sorceress |
| 11:07 | Priest Adept Training |
| 11:16 | Farm |
| 11:52 | Footman |
| 11:52 | Footman |
| 12:30 | Priest |
| 12:42 | Steel Forged Swords |
| 12:47 | Footman |
| 13:31 | Farm |
| 13:40 | Peasant |
| 13:40 | Peasant |
| 13:40 | Peasant |
| 13:41 | Peasant |
| 14:07 | Scout Tower |
| 14:19 | Peasant |
| 14:19 | Peasant |
| 14:20 | Peasant |
| 14:29 | Rifleman |
| 15:01 | Castle |
| 15:10 | Peasant |
| 15:11 | Peasant |
| 15:15 | Farm |
| 15:32 | Iron Plating |
| 16:33 | Peasant |
| 16:33 | Peasant |
| 16:33 | Peasant |
| 16:34 | Peasant |
| 16:34 | Peasant |
| 16:34 | Peasant |
| 17:00 | Flame Strike |
| 17:12 | Footman |
| 17:12 | Footman |
| 17:12 | Footman |
| 18:21 | Priest |
| 18:21 | Priest |
| 18:24 | Priest Master Training |
| 18:29 | Priest |
| 18:29 | Priest |
| 18:29 | Priest |
| 18:32 | Priest |
| 18:42 | Peasant |
| 18:42 | Peasant |
| 18:42 | Peasant |
| 18:42 | Peasant |
| 18:42 | Peasant |
| 18:43 | Peasant |
| 18:52 | Imbued Gunpowder |
| 18:55 | Rifleman |
| 18:55 | Rifleman |
| 18:55 | Rifleman |
| 19:03 | Barracks |
| 19:47 | Rifleman |
| 19:48 | Rifleman |
| 19:48 | Rifleman |
| 19:48 | Rifleman |
| 21:38 | Rifleman |
| 21:39 | Rifleman |
| 21:39 | Rifleman |
| 21:39 | Rifleman |
| 21:39 | Rifleman |
| 21:41 | Rifleman |
| 21:41 | Rifleman |
| 22:22 | Rifleman |
| 22:22 | Rifleman |
| Select | 166 |
| Build/train/purchase | 99 |
| Right click | 67 |
| Select group | 50 |
| Misc. action | 40 |
| Assign group | 17 |
| Use ability | 9 |
| Remove unit | 4 |
| Esc | 2 |

| Wisp | 15 | 900 | / | 0 |
| Archer | 4 | 520 | / | 40 |
| Huntress | 2 | 390 | / | 40 |
| Hippogryph | 2 | 320 | / | 40 |
| Druid of the Talon | 1 | 145 | / | 20 |
| Chimaera | 6 | 1980 | / | 420 |
| Harpy Rogue | 4 | 860 | / | 80 |
| Harpy Windwitch | 3 | 720 | / | 90 |
| Razormane Medicine Man | 1 | 350 | / | 60 |
| total: | 38 | 6185g | / | 790w |
| Altar of Elders | 1 | 180 | / | 50 |
| Moon Well | 10 | 1800 | / | 400 |
| Hunter's Hall | 1 | 210 | / | 100 |
| Ancient of War | 2 | 300 | / | 120 |
| Ancient of Wind | 1 | 150 | / | 140 |
| Chimaera Roost | 2 | 280 | / | 380 |
| Tree of Ages | 1 | 320 | / | 180 |
| Tree of Eternity | 1 | 330 | / | 200 |
| total: | 17 | 2920g | / | 1190w |
| 0:05 | Wisp |
| 0:05 | Wisp |
| 0:05 | Wisp |
| 0:11 | Wisp |
| 0:38 | Altar of Elders |
| 0:49 | Moon Well |
| 0:51 | Wisp |
| 0:51 | Wisp |
| 1:27 | Hunter's Hall |
| 1:29 | Wisp |
| 1:29 | Wisp |
| 2:43 | Ancient of War |
| 2:48 | Ancient of War |
| 2:56 | Immolation |
| 3:16 | Strength of the Moon |
| 3:27 | Moon Well |
| 3:46 | Archer |
| 4:01 | Moon Well |
| 4:04 | Wisp |
| 4:04 | Wisp |
| 4:04 | Wisp |
| 4:05 | Wisp |
| 4:11 | Moon Armor |
| 4:18 | Archer |
| 4:19 | Archer |
| 4:25 | Moon Well |
| 5:03 | Tree of Ages |
| 5:39 | Moon Well |
| 5:42 | Moon Well |
| 5:54 | Archer |
| 6:40 | Moon Well |
| 6:46 | Moon Well |
| 7:54 | Harpy Rogue |
| 8:03 | Evasion |
| 9:00 | Moon Well |
| 9:28 | Moon Well |
| 9:42 | Tree of Eternity |
| 9:55 | Ancient of Wind |
| 10:02 | Huntress |
| 10:02 | Huntress |
| 10:30 | Improved Strength of the Moon |
| 10:57 | Harpy Windwitch |
| 10:59 | Harpy Rogue |
| 11:13 | Hippogryph |
| 11:13 | Hippogryph |
| 11:23 | Druid of the Talon |
| 12:26 | Wisp |
| 12:27 | Wisp |
| 12:27 | Wisp |
| 13:04 | Chimaera Roost |
| 13:12 | Chimaera Roost |
| 13:27 | Razormane Medicine Man |
| 13:41 | Harpy Rogue |
| 13:43 | Harpy Windwitch |
| 14:33 | Corrosive Breath |
| 14:42 | Chimaera |
| 15:13 | Strength of the Wild |
| 15:15 | Reinforced Hides |
| 16:10 | Chimaera |
| 16:24 | Improved Strength of the Wild |
| 17:31 | Harpy Rogue |
| 17:32 | Harpy Windwitch |
| 19:00 | Improved Reinforced Hides |
| 19:04 | Chimaera |
| 19:45 | Chimaera |
| 20:16 | Immolation |
| 22:14 | Chimaera |
| 22:15 | Chimaera |
| Right click | 310 |
| Chat | 175 |
| Select | 170 |
| Build/train/purchase | 60 |
| Minimap ping | 6 |
| Resource trade | 6 |
| Use ability | 2 |
| Item give/drop | 1 |
⇛